 Dungeon Crawl Stone Soup version 0.22.1-1-ga44c0e5 (webtiles) character file.

124 magicm the Skirmisher (level 4, -6/37 HPs)
             Began as a Demonspawn Chaos Knight on Nov 11, 2018.
             Mangled by a tarantella (glowing shapeshifter) (7 damage)
             ... on level 3 of the Dungeon.
             The game lasted 00:05:12 (1524 turns).

magicm the Skirmisher (Demonspawn Chaos Knight)     Turns: 1524, Time: 00:05:13

Health: -6/37      AC:  7    Str: 18    XL:     4   Next: 81%
Magic:  4/4        EV: 12    Int: 13    God:    Xom [......]
Gold:   99         SH:  0    Dex: 13    Spells: 3/3 levels left

rFire    + . .     SeeInvis .   a - +0 hand axe (chaos)
rCold    . . .     Gourm    .   (no shield)
rNeg     . . .     Faith    .   b - +2 leather armour
rPois    .         Spirit   .   (no helmet)
rElec    .         Reflect  .   (no cloak)
rCorr    .         Harm     .   (no gloves)
MR       .....                  (no boots)
Stlth    ++........             (no amulet)
HPRegen  0.12/turn              j - ring of stealth
MPRegen  0.09/turn              (no ring)

@: mighty, lethally poisoned (-6 -> -9), berserk cooldown, slowed, very slow
A: thin metallic scales 1, fire resistance 1, powered by pain 1
a: Renounce Religion


You were on level 3 of the Dungeon.
You worshipped Xom.
You were a very special plaything of Xom.
You were not hungry.

You visited 1 branch of the dungeon, and saw 3 of its levels.

You collected 99 gold pieces.

Inventory:

Hand Weapons
 a - a +0 hand axe of chaos (weapon)
Armour
 b - a +2 leather armour (worn)
Jewellery
 j - a ring of stealth (left hand)
Scrolls
 i - a scroll of fear
Potions
 d - a potion of berserk rage
 f - a potion of might
 g - a potion of agility {unknown}
 h - a potion of lignification {unknown}
 k - a potion of degeneration {unknown}
Comestibles
 c - 3 rations


   Skills:
 + Level 3.8 Fighting
 + Level 3.7 Axes
 + Level 2.3 Armour
 + Level 1.8 Dodging
 + Level 0.9 Stealth


You had 3 spell levels left.
You didn't know any spells.
Your spell library was empty.

Dungeon Overview and Level Annotations

Branches:
Dungeon (3/15)

Altars:


Innate Abilities, Weirdness & Mutations

You are partially covered in thin metallic scales. (AC +2)
Your flesh is heat resistant. (rF+)
You sometimes gain a little power by taking damage.


Message History

* * * LOW HITPOINT WARNING * * *
You feel sick.
* * * LOW HITPOINT WARNING * * *
You feel sick.
* * * LOW HITPOINT WARNING * * *
You feel sick.
The hippogriff changes into an eye of draining!
The eye of draining changes into a tarantella!
* * * LOW HITPOINT WARNING * * *
You feel sick.
* * * LOW HITPOINT WARNING * * *
You feel sick.
It was a potion of might.
You feel very mighty all of a sudden.
* * * LOW HITPOINT WARNING * * *
You feel sick.
* * * LOW HITPOINT WARNING * * *
You feel sick. The tarantella bites you!
You die...
Xom giggles madly!

#.........⌠.......
#.#.#####...#####.
#.### +#.#+ #.#
#.# #.# #†# #.#
#.# #.# ##.## #.#
###...# #@#
#....## #
#s#####...#######.
#.....'...'....[..
#######.†.##†.....
######$.....
#..N... #......
#.....) ##.....


You could see a tarantella shaped shifter.

Vanquished Creatures
  A hound (D:3)
  A worker ant (D:3)
  2 adders (D:2)
  3 worms
  A dart slug (D:1)
  An orc (D:3)
  2 ball pythons (D:1)
  2 giant cockroaches
  4 goblins (D:1)
  3 hobgoblins
  4 jackals (D:2)
  A quokka (D:3)
  5 bats
  2 frilled lizards (D:1)
  5 kobolds
  6 rats
43 creatures vanquished.

Notes
Turn   | Place    | Note
-------+----------+-------------------------------------------
     0 | D:1      | magicm the Demonspawn Chaos Knight began the quest for the
                  | Orb.
     0 | D:1      | Reached XP level 1. HP: 18/18 MP: 1/1
   122 | D:1      | XOM: silly message
   130 | D:1      | Reached skill level 1 in Dodging
   132 | D:1      | Gained mutation: You sometimes gain a little power by
                  | taking damage. [demonic ancestry]
   132 | D:1      | Reached XP level 2. HP: 22/24 MP: 2/2
   352 | D:1      | XOM: divination: detect items
   432 | D:1      | XOM: harmless Erth miscast
   551 | D:1      | XOM: divination: detect creatures
   787 | D:2      | Gained mutation: You are partially covered in thin metallic
                  | scales. (AC +2) [demonic ancestry]
   787 | D:2      | Reached XP level 3. HP: 27/29 MP: 3/3
  1414 | D:3      | XOM: harmless Erth miscast
  1423 | D:3      | Gained mutation: Your flesh is heat resistant. (rF+)
                  | [demonic ancestry]
  1423 | D:3      | Reached XP level 4. HP: 37/37 MP: 4/4
  1503 | D:3      | Noticed a swamp drake
  1503 | D:3      | an ooze changed into a swamp drake
  1506 | D:3      | Noticed an ogre
  1506 | D:3      | a swamp drake changed into an ogre
  1507 | D:3      | Noticed a naga
  1507 | D:3      | an ogre changed into a naga
  1514 | D:3      | Noticed a rime drake
  1515 | D:3      | Noticed a raiju
  1515 | D:3      | a rime drake changed into a raiju
  1516 | D:3      | Noticed a hippogriff
  1516 | D:3      | a raiju changed into a hippogriff
  1516 | D:3      | XOM: polymorph raiju -> hippogriff
  1519 | D:3      | Noticed an eye of draining
  1519 | D:3      | a hippogriff changed into an eye of draining
  1519 | D:3      | Noticed a tarantella
  1519 | D:3      | an eye of draining changed into a tarantella
  1524 | D:3      | HP: 1/37 [poisoned by a naga (splash of poison)]
  1524 | D:3      | Mangled by a tarantella (glowing shapeshifter)

Skill      XL: |  1  2 |
---------------+-------+-----
Dodging        | 1 |  1.8
Axes           | 3 |  3.7
Armour         | 2 |  2.3
Fighting       | |  3.8
Stealth        | |  0.9

Action                   |  1- 3 |  4- 6 || total
-------------------------+-------+-------++-------
Melee: Hand axe          |    86 |    24 ||   110
  Use: Scroll            |     4 |       ||     4
       Potion            |       |     4 ||     4
 Stab: Sleeping          |     3 |     1 ||     4
       Confused          |     1 |     1 ||     2
  Eat: Ration            |     1 |       ||     1
Armor: Leather armour    |    43 |     6 ||    49
Dodge: Dodged            |    50 |    22 ||    72
